 Dungeon Sprint DCSS version 0.28.0-53-g5a82cb258f (webtiles) character file.

Game seed: 14103649024938366236

3653 Zeld the Severer (level 9, -11/92 HPs)
             Began as a Minotaur Berserker on June 15, 2022.
             Was a Priest of Trog.
             Killed from afar by a lindwurm (30 damage)
             ... with a blast of flame
             ... in the Dungeon (Sprint IX: "|||||||||||||||||||||||||||||").
             The game lasted 00:01:54 (1067 turns).

Zeld the Severer (Minotaur Berserker)               Turns: 1067, Time: 00:01:54

Health: -11/92     AC:  4    Str: 26    XL:     9   Next: 88%
Magic:  8/8        EV: 16    Int:  4    God:    Trog [***...]
Gold:   0          SH:  0    Dex: 10    Spells: 8/8 levels left

rFire   . . .      SeeInvis .   a - +1 battleaxe (vorpal)
rCold   . . .      Faith    .   (shield currently unavailable)
rNeg    . . .      Spirit   .   b - +0 animal skin
rPois   .          Reflect  .   (helmet restricted)
rElec   .          Harm     .   (no cloak)
rCorr   .          Rampage  .   k - +0 pair of gloves
Will    .....      NoTele   +   (no boots)
Stlth   +.........              (no amulet)
HPRegen 0.25/turn               (no ring)
MPRegen 0.11/turn               (no ring)

@: on berserk cooldown, slowed, very slow
A: horns 2, retaliatory headbutt
a: Renounce Religion, Berserk, Trog's Hand


You were in the Dungeon.
You worshipped Trog.
Trog was most pleased with you.
You visited 1 branch

Inventory:

Hand Weapons
 a - a +1 vorpal battleaxe (weapon)
Armour
 b - a +0 animal skin (worn)
 k - a +0 pair of gloves (worn)
Jewellery
 l - a +3 ring of intelligence
 m - a +3 ring of strength
Wands
 j - a wand of acid (7)
Scrolls
 h - 2 scrolls of blinking
 n - 3 scrolls of identify
 o - 2 scrolls of fog
 p - 2 scrolls of enchant armour
Potions
 c - 5 potions of curing
 d - 4 potions of heal wounds
 e - 2 potions of haste
 f - 4 potions of magic
 g - 2 potions of berserk rage
 i - a potion of invisibility


   Skills:
 + Level 12.9 Fighting
 * Level 17.4 Axes
 + Level 12.6 Armour
 + Level 11.6 Dodging


You had 8 spell levels left.
You didn't know any spells.
Your spell library was empty.

Dungeon Overview and Level Annotations

Branches:
Dungeon (1/1)

Altars:
Cheibriados
Dithmenos
Elyvilon
Fedhas
Gozag
Hepliaklqana
Kikubaaqudgha
Makhleb
Nemelex Xobeh
Okawaru
Qazlal
Ru
Sif Muna
Trog
Uskayaw
Vehumet
Wu Jian
Xom
Yredelemnul
Zin
The Shining One
Beogh
Jiyva
Lugonu


Innate Abilities, Weirdness & Mutations

You have a pair of horns on your head.
You reflexively headbutt those who attack you in melee.


Message History

Things that are here:
a water moccasin corpse; a blink frog corpse You slice the komodo dragon!!
You kill the komodo dragon!
Trog accepts your kill. Trog grants you a weapon!
Something appears at your feet!
Unknown command.
You barely miss the bullfrog. The bullfrog closely misses you.
You furiously retaliate!
You headbutt the bullfrog! The bullfrog hits you.
Unknown command.
You slice the bullfrog!!
You kill the bullfrog!
Trog accepts your kill. The lindwurm breathes flames at you.
The blast of flame hits you!!
* * * LOW HITPOINT WARNING * * *
Unknown command.
Okay, then.
Blink to where?
Press: ? - help, Dir - move target
As you read the scroll of blinking, it crumbles to dust.
Your ogre goes berserk!
Trog will no longer gift you weapons.
Your ogre rages.
You see here a potion of mutation.
Your ogre hits the lindwurm with a +0 giant club!
The lindwurm bites your ogre. The lindwurm claws your ogre!
The lindwurm claws your ogre. The lindwurm breathes flames at you.
The blast of flame hits your ogre!!
Your ogre dies!
Your ogre's corpse disappears in a puff of smoke!
You fail to use your ability.
The hell rat twitches its whiskers.
Your ogre goes berserk!
You can no longer call in reinforcements.
The lindwurm breathes flames at you. The blast of flame hits you!!
You die...

▓▓▓▓▓▓▓▓▓▓▓▓▓▓▓▓▓▓▓▓▓▓▓▓▓▓▓
_________'....†'..†.††...<▓
▓▓▓▓▓▓▓▓▓▓▓▓▓▓▓▓▓▓▓▓▓▓▓▓▓▓▓
..........................▓
▓▓▓▓▓▓▓▓▓▓▓▓▓▓▓▓▓▓▓▓▓▓▓▓▓.▓
...r†)....))rk..@O'.......▓
▓▓▓▓▓▓▓▓▓▓▓▓▓▓▓▓▓▓▓▓▓▓▓▓▓▓▓


You could see a lindwurm (catching breath, ally target), a hell rat and a
friendly ogre (summoned, berserk).

Vanquished Creatures
  A deep elf pyromancer (D)
  A manticore (D)
  A cane toad (D)
  2 komodo dragons (D)
  A blink frog (D)
  3 yaks (D)
  A wraith (D)
  A water moccasin (D)
  A phantom (D)
  2 bullfrogs (D)
  A howler monkey (D)
  2 adders (D)
  2 bats (D)
  A bat zombie (D)
  An endoplasm (D)
  A giant cockroach (D)
  A ball python zombie (D)
  A frilled lizard (D)
  A giant cockroach zombie (D)
  A jackal zombie (D)
26 creatures vanquished.

Vanquished Creatures (collateral kills)
  A centaur warrior (D)
  A komodo dragon (D)
  A vampire mosquito (D)
3 creatures vanquished.

Grand Total: 29 creatures vanquished

Notes
Turn   | Place    | Note
-------+----------+-------------------------------------------
     0 | D        | Zeld the Minotaur Berserker began the quest for the Orb.
     0 | D        | Reached XP level 1. HP: 19/19 MP: 0/0
     6 | D        | Reached skill level 4 in Axes
     7 | D        | Reached ** piety under Trog
   128 | D        | Noticed a phantom
   141 | D        | Killed a phantom
   142 | D        | Reached skill level 5 in Fighting
   142 | D        | Reached skill level 7 in Axes
   142 | D        | Reached XP level 2. HP: 30/30 MP: 1/1
   142 | D        | Reached XP level 3. HP: 36/37 MP: 2/2
   142 | D        | Reached XP level 4. HP: 44/44 MP: 3/3
   143 | D        | Reached *** piety under Trog
   144 | D        | Reached skill level 5 in Armour
   273 | D        | Found a snail-covered altar of Cheibriados.
   273 | D        | Found a shadowy altar of Dithmenos.
   273 | D        | Found a white marble altar of Elyvilon.
   273 | D        | Found a blossoming altar of Fedhas.
   273 | D        | Found an opulent altar of Gozag.
   274 | D        | Found a hazy altar of Hepliaklqana.
   275 | D        | Found a viscous altar of Jiyva.
   276 | D        | Found an ancient bone altar of Kikubaaqudgha.
   277 | D        | Found a corrupted altar of Lugonu.
   278 | D        | Found a burning altar of Makhleb.
   279 | D        | Found a sparkling altar of Nemelex Xobeh.
   280 | D        | Found an iron altar of Okawaru.
   281 | D        | Found a stormy altar of Qazlal.
   282 | D        | Found a sacrificial altar of Ru.
   283 | D        | Found a shimmering blue altar of Sif Muna.
   284 | D        | Found a bloodstained altar of Trog.
   285 | D        | Found a hide-covered altar of Uskayaw.
   286 | D        | Found a radiant altar of Vehumet.
   287 | D        | Found an ornate altar of the Wu Jian Council.
   288 | D        | Found a shimmering altar of Xom.
   289 | D        | Found a basalt altar of Yredelemnul.
   290 | D        | Found a glowing silver altar of Zin.
   291 | D        | Found a glowing golden altar of the Shining One.
   336 | D        | Noticed a yak
   336 | D        | Noticed a yak
   336 | D        | Noticed a wraith
   339 | D        | Killed a wraith
   339 | D        | Reached **** piety under Trog
   340 | D        | Reached skill level 9 in Axes
   340 | D        | Reached XP level 5. HP: 52/52 MP: 4/4
   344 | D        | Killed a yak
   345 | D        | Reached skill level 11 in Axes
   345 | D        | Reached XP level 6. HP: 21/62 MP: 5/5
   359 | D        | Killed a yak
   360 | D        | Reached skill level 12 in Axes
   360 | D        | Reached XP level 7. HP: 30/69 MP: 6/6
   578 | D        | Noticed a manticore
   578 | D        | Noticed a komodo dragon
   578 | D        | Noticed a vampire mosquito
   578 | D        | Noticed a centaur warrior
   578 | D        | Noticed a komodo dragon
   578 | D        | Noticed a deep elf pyromancer
   579 | D        | Noticed a fire elemental
   585 | D        | Killed a deep elf pyromancer
   585 | D        | Reached ***** piety under Trog
   586 | D        | Reached skill level 10 in Fighting
   586 | D        | Reached skill level 13 in Axes
   588 | D        | Killed a komodo dragon
   588 | D        | Received a gift from Trog
   589 | D        | Reached skill level 14 in Axes
   589 | D        | Reached skill level 10 in Armour
   589 | D        | Reached XP level 8. HP: 77/80 MP: 7/7
   600 | D        | Killed a centaur warrior
   601 | D        | Reached skill level 15 in Axes
   601 | D        | Reached skill level 10 in Dodging
   601 | D        | Killed a komodo dragon
   602 | D        | Reached XP level 9. HP: 25/90 MP: 8/8
   616 | D        | Killed a manticore
   617 | D        | Reached skill level 16 in Axes
  1035 | D        | Noticed a komodo dragon
  1035 | D        | Noticed a cane toad
  1048 | D        | Noticed a lindwurm
  1049 | D        | Killed a cane toad
  1050 | D        | Reached skill level 17 in Axes
  1057 | D        | Killed a komodo dragon
  1057 | D        | Received a gift from Trog
  1057 | D        | Found the +8 frozen axe "Frostbite" {freezing cloud, *Noise
                  | Fly rC+}
  1067 | D        | Killed from afar by a lindwurm

Illustrated notes

Levels and vault maps discovered:
D:        linesprint [early_d, line_temple, items_1, d_10, items_2, lair_1,
          lair_end, items_3, orc_1, orc_end, items_4, d_15, swamp_1, shoals_1,
          snake_1, spider_1, d_20, vaults_1, items_5, swamp_end, shoals_end,
          snake_end, spider_end, vaults_end, d_27, items_6, zot_1, zot_end,
          crypt_end, forest_end, elf_end, slime_end, tomb_end, abyss_end,
          pan_hell_end]

Skill      XL: |  1  2  3  4  5  6  7  8  9 |
---------------+----------------------------+-----
Axes           | 7 9 11 12 14 15 17 | 17.4
Fighting       | 5 7 8 10 11 12 | 12.9
Armour         | 4 6 8 10 11 12 | 12.6
Dodging        | 4 6 7 9 10 11 | 11.6

Action                   |  1- 3 |  4- 6 |  7- 9 || total
-------------------------+-------+-------+-------++-------
Melee: Hand axe          |    17 |     8 |       ||    25
       Headbutt          |     2 |     2 |     5 ||     9
       War axe           |       |    17 |    17 ||    34
       Battleaxe         |       |       |    19 ||    19
Invok: Berserk           |     1 |     1 |     2 ||     4
       Brothers in Arms  |       |       |     4 ||     4
       Trog's Hand       |       |       |     1 ||     1
Evoke: Wand              |       |       |     3 ||     3
  Use: Potion            |       |     3 |       ||     3
       Scroll            |       |       |     1 ||     1
Armor: Animal skin       |     4 |     3 |    11 ||    18
Dodge: Dodged            |    10 |    17 |    21 ||    48
